 Dungeon Crawl Stone Soup version 0.29.1-2-gbd0b4ee654 (webtiles) character file.

Game seed: 1299085688844361794

347 xian the Schismatic (level 6, -4/48 HPs)
             Began as a Demonspawn Abyssal Knight on Nov 4, 2022.
             Was an Elder of Lugonu.
             Slain by an iguana (12 damage)
             ... on level 5 of the Dungeon.
             The game lasted 00:07:48 (5452 turns).

xian the Schismatic (Demonspawn Abyssal Knight)     Turns: 5452, Time: 00:07:49

Health: -4/48      AC:  6    Str: 15    XL:     6   Next: 33%
Magic:  9/9        EV:  7    Int: 12    God:    Lugonu [****..]
Gold:   195        SH: 10    Dex: 13    Spells: 5/5 levels left

rFire   . . .      SeeInvis .   a - +1 hand axe
rCold   . . .      Faith    .   B - +0 tower shield
rNeg    . . .      Spirit   .   b - +0 leather armour
rPois   .          Reflect  .   (helmet restricted)
rElec   .          Harm     .   (no cloak)
rCorr   .          Rampage  .   (no gloves)
Will    .....                   i - +0 pair of boots
Stlth   +.........              (no amulet)
HPRegen 0.16/turn               (no ring)
MPRegen 0.11/turn               (no ring)

@: no status effects
A: horns 2, molten scales 1, powered by pain 1
a: Renounce Religion, Depart the Abyss, Bend Space, Banish, Corrupt


You were on level 5 of the Dungeon.
You worshipped Lugonu.
Lugonu was greatly pleased with you.
You visited 1 branch of the dungeon, and saw 5 of its levels.
You visited the Abyss 1 time.

You collected 195 gold pieces.

Inventory:

Hand Weapons
 a - a +1 hand axe (weapon)
Missiles
 e - 5 poisoned darts
 m - 2 atropa-tipped darts (quivered)
 z - 2 boomerangs
Armour
 b - a +0 leather armour (worn)
 i - a +0 pair of boots (worn)
 B - a +0 tower shield (worn)
Magical Staves
 t - a staff of fire
Wands
 y - a wand of paralysis (7)
Scrolls
 c - 2 scrolls of amnesia {unknown}
 g - a scroll of fear {unknown}
 k - a scroll of blinking {unknown}
 l - 2 scrolls of vulnerability {unknown}
 o - 2 scrolls of magic mapping {unknown}
 p - 4 scrolls of identify {unknown}
 s - a scroll of noise {unknown}
 v - a scroll of brand weapon {unknown}
 w - 2 scrolls of teleportation {unknown}
 x - a scroll of silence {unknown}
Potions
 d - 3 potions of curing
 f - 2 potions of haste {unknown}
 h - a potion of lignification {unknown}
 j - 2 potions of degeneration {unknown}
 n - 2 potions of ambrosia {unknown}
 q - a potion of heal wounds {unknown}
 r - 2 potions of might {unknown}
 u - 3 potions of magic {unknown}
 A - a potion of brilliance {unknown}


   Skills:
 + Level 4.1 Fighting
 + Level 3.7 Axes
 + Level 0.2 Throwing
 + Level 2.9 Armour
 + Level 1.9 Dodging
 + Level 0.9 Stealth
 * Level 4.3 Invocations


You had 5 spell levels left.
You didn't know any spells.
Your spell library contained the following spells:

 Spells                   Type           Power      Damage    Failure   Level
 Ensorcelled Hibernation  Hex/Ice        0%         N/A       100%        2
 Passwall                 Tmut/Erth      0%         N/A       100%        2
 Confusing Touch          Hex            0%         N/A       100%        3
 Gell's Gravitas          Tloc           0%         N/A       100%        3
 Portal Projectile        Hex/Tloc       0%         N/A       100%        3
 Summon Guardian Golem    Hex/Summ       0%         N/A       100%        3
 Swiftness                Air            0%         N/A       100%        3
 Teleport Other           Tloc           0%         N/A       100%        3
 Tukima's Dance           Hex            0%         N/A       100%        3
 Blade Hands              Tmut           0%         N/A       100%        5
 Yara's Violent Unravell  Hex/Tmut       0%         3d3       100%        5
 Dispersal                Tloc           0%         N/A       100%        6
 Enfeeble                 Hex            0%         N/A       100%        7
 Orb of Destruction       Conj           0%         9d5       100%        7
 Spellforged Servitor     Conj/Summ      0%         N/A       100%        7


Dungeon Overview and Level Annotations

Branches:
Dungeon (5/15)             Temple (0/1) D:4

Altars:
Dithmenos
Okawaru
Wu Jian


Innate Abilities, Weirdness & Mutations

You have a pair of horns on your head.
You are partially covered in molten scales. (AC +2)
You sometimes gain a little power by taking damage.


Message History

The iguana hisses angrily.
You block the goblin's attack. x2
The goblin barely misses you.
The goblin hits you from afar with a +0 spear.
You block the goblin's attack. The goblin barely misses you.
You throw an atropa-tipped dart. The atropa-tipped dart hits the iguana.
The iguana appears confused.
The iguana seems less confused.
You block the iguana's attack.
You hit the iguana but do no damage. You block the iguana's attack.
The iguana closely misses you.
You hit the iguana. You headbutt the iguana.
The iguana is lightly wounded.
The iguana is no longer blind.
The iguana bites you but does no damage.
The iguana bites you.
You hit the iguana.
The iguana is moderately wounded.
You block the iguana's attack.
You hit the iguana. Your headbutt misses the iguana.
The iguana is moderately wounded.
You block the iguana's attack. The iguana misses you.
You hit the iguana but do no damage.
The iguana is moderately wounded.
You block the iguana's attack.
You barely miss the iguana.
You headbutt the iguana, but do no damage.
The iguana is moderately wounded.
The iguana bites you. The iguana bites you!
You hit the iguana but do no damage.
The iguana is moderately wounded.
The iguana bites you!
You hit the iguana.
The iguana is severely wounded.
You block the iguana's attack. The iguana bites you.
You closely miss the iguana.
The iguana is severely wounded.
The iguana bites you!
* * * LOW HITPOINT WARNING * * *
The iguana bites you!
You die...

.... ..... #.⌠ ....
#.###########...
###.⌠#.._#_..#⌠.#
.##..#...#...#.+###
.........#........#
.......#####......#
........⌠#⌠.....@.#
................l.##
.############...(..#
.##...# .####......#
.†....# .[.........#
......# ...........#
......# ...........#
###...# ...###≈≈.≈≈#
###<..##... #g≈.≈g#


You could see an iguana.

Vanquished Creatures
  An ogre (D:4)
  A necrophage (D:4)
  An orc priest (D:4)
  5 adders
  An ufetubus (D:4)
  5 worms
  8 orcs
  4 ball pythons
  4 endoplasms
  2 giant cockroaches
  13 goblins
  5 hobgoblins
  7 quokkas
  7 bats
  2 frilled lizards
  12 kobolds
  6 rats
84 creatures vanquished.

Notes
Turn   | Place    | Note
-------+----------+-------------------------------------------
     0 | Abyss:1  | xian the Demonspawn Abyssal Knight began the quest for the
                  | Orb.
     0 | Abyss:1  | Reached XP level 1. HP: 18/18 MP: 2/2
     1 | D:1      | Escaped the Abyss
   425 | D:1      | Gained mutation: You sometimes gain a little power by
                  | taking damage. [demonic ancestry]
   425 | D:1      | Reached XP level 2. HP: 7/24 MP: 4/4
   792 | D:1      | Reached skill level 1 in Dodging
   921 | D:1      | Reached *** piety under Lugonu
   930 | D:1      | Reached XP level 3. HP: 23/29 MP: 5/5
  2562 | D:2      | Found a faded altar of an unknown god.
  2902 | D:3      | Gained mutation: You are partially covered in molten
                  | scales. (AC +2) [demonic ancestry]
  2902 | D:3      | Reached XP level 4. HP: 23/35 MP: 6/6
  3684 | D:4      | Found an ornate altar of the Wu Jian Council.
  4095 | D:4      | Reached **** piety under Lugonu
  4116 | D:4      | Noticed an ogre
  4131 | D:4      | Killed an ogre
  4132 | D:4      | Gained mutation: You have a pair of small horns on your
                  | head. [demonic ancestry]
  4132 | D:4      | Reached XP level 5. HP: 11/42 MP: 7/7
  4441 | D:4      | Found a staircase to the Ecumenical Temple.
  4523 | D:4      | Gained mutation: You have a pair of horns on your head.
                  | [demonic ancestry]
  4523 | D:4      | Reached XP level 6. HP: 39/48 MP: 9/9
  4538 | D:4      | HP: 2/48 [something/puff of flame (7)]
  5324 | D:5      | Entered Level 5 of the Dungeon
  5421 | D:5      | Found a shadowy altar of Dithmenos.
  5429 | D:5      | Found an iron altar of Okawaru.
  5452 | D:5      | Slain by an iguana

Illustrated notes

Levels and vault maps discovered:
D:1:      lemuel_arrival_funnel, layout_basic, minmay_vboxes
D:2:      layout_rooms, dreamdust_ecumenical_altar_sealed_demon
D:3:      layout_loops_ring
D:4:      minmay_inner_zag, layout_loops_cross,
          mainiacjoe_overflow_cross_hatched,
          minmay_temple_entry_statues_fountains
D:5:      layout_gridville, kennysheep_okawaru_gauntlet,
          nicolae_overflow_quartered_altars

Skill      XL: |  1  2  3  4  5 |
---------------+----------------+-----
Axes           | 2 3 |  3.7
Invocations    | 3 4 |  4.3
Dodging        | 1 |  1.9
Armour         | 2 |  2.9
Fighting       | 4 |  4.1
Throwing       | |  0.2
Stealth        | |  0.9

Action                   |  1- 3 |  4- 6 || total
-------------------------+-------+-------++-------
Melee: Hand axe          |   143 |   157 ||   300
       Punch             |     1 |     1 ||     2
       Headbutt          |       |    14 ||    14
Throw: Dart              |       |     7 ||     7
       Throwing net      |       |     1 ||     1
Invok: Banish            |       |     1 ||     1
  Use: Potion            |       |     1 ||     1
 Stab: Held in net/web   |       |     1 ||     1
       Sleeping          |       |     1 ||     1
Armor: Leather armour    |    46 |    66 ||   112
Dodge: Dodged            |    80 |    68 ||   148
Block: Tower shield      |       |     9 ||     9
